 Dungeon Crawl Stone Soup version 0.30-a0-718-geaa24f58ff (webtiles) character file.

Game seed: 16380010434039853152

7140 mandarbmax the Marksant (level 11, -25/83 HPs)
             Began as a Formicid Hunter on Jan 26, 2023.
             Was an Elder of Dithmenos.
             Annihilated by a white ugly thing (29 damage)
             ... on level 13 of the Dungeon.
             The game lasted 00:18:02 (8238 turns).

mandarbmax the Marksant (Formicid Hunter)           Turns: 8238, Time: 00:18:03

Health: -25/83     AC: 10    Str: 15    XL:     11   Next: 31%
Magic:  11/11      EV: 13    Int: 12    God:    Dithmenos [****..]
Gold:   503        SH:  5    Dex: 21    Spells: 10/10 levels left

rFire   . . .      SeeInvis +    y - +1 hand crossbow "Suopn" {drain, rPois rF- rCorr Int+2}
rCold   . . .      Faith    .    (no shield)
rNeg    . . .      Spirit   .    D - +2 chain mail {rF+}
rPois   +          Reflect  +    (helmet unavailable)
rElec   .          Harm     .    (no cloak)
rCorr   +          Rampage  .    (no gloves)
Will    +....                    (no boots) Stlth
                                 p - amulet of reflection
HPRegen 0.33/turn                m - ring of poison resistance
MPRegen 0.12/turn                A - +5 ring of evasion

@: mighty, attractive, wreathed by umbra
A: permanent stasis, dig shafts and tunnels, antennae 3, four strong arms
a: Dig, Shaft Self, Renounce Religion, Shadow Step


You were on level 13 of the Dungeon.
You worshipped Dithmenos.
Dithmenos was greatly pleased with you.
You visited 1 branch of the dungeon, and saw 12 of its levels.
You also visited: Sewer.

You collected 503 gold pieces.

Inventory:

Hand Weapons
 a - a +1 shortbow of draining
 y - the +1 hand crossbow "Suopn" (weapon) {drain, rPois rF- rCorr Int+2}
   (You acquired it on level 7 of the Dungeon)

   Int:       It affects your intelligence (+2).
   rF:        It makes you vulnerable to fire.
   rPois:     It protects you from poison.
   rCorr:     It protects you from acid and corrosion.
Missiles
 B - 2 throwing nets
Armour
 d - a +2 ring mail of fire resistance
 l - the +1 leather armour "Wuclan" {Dex+3}
   (You found it on level 2 of the Dungeon)

   Dex:       It affects your dexterity (+3).
 D - a +2 chain mail of fire resistance (worn)
Jewellery
 m - a ring of poison resistance (left hand)
 p - an amulet of reflection (around neck)
 A - a +5 ring of evasion (right hand)
Wands
 s - a wand of digging (6)
 u - a wand of quicksilver (5)
 v - a wand of charming (7)
Scrolls
 b - 3 scrolls of immolation
 c - a scroll of poison
 e - 3 scrolls of amnesia
 g - a scroll of brand weapon
 h - 2 scrolls of silence
 i - 3 scrolls of fear
 j - 2 scrolls of enchant armour
 k - 2 scrolls of vulnerability
 r - 3 scrolls of magic mapping
Potions
 f - 4 potions of attraction
 n - a potion of magic
 o - a potion of curing
 q - 2 potions of mutation {unknown}
 t - a potion of brilliance
 w - 2 potions of might
 C - a potion of flight


   Skills:
 + Level 6.4 Fighting
 + Level 15.1 Ranged Weapons
 + Level 5.3 Dodging
 - Level 1.2 Stealth


You had 10 spell levels left.
You didn't know any spells.
Your spell library contained the following spells:

 Spells                   Type           Power      Damage    Failure   Level
 Freeze                   Ice            0%         1d3       100%        1
 Kiss of Death            Conj/Necr      0%         2d5       100%        1
 Sandblast                Erth           0%         2d4       100%        1
 Sting                    Tmut/Pois      0%         1d3       100%        1
 Passwall                 Tmut/Erth      0%         N/A       100%        2
 Poisonous Vapours        Pois/Air       0%         N/A       100%        2
 Confusing Touch          Hex            0%         N/A       100%        3
 Frozen Ramparts          Ice            0%         1d1       100%        3
 Hailstorm                Conj/Ice       0%         3d3       100%        3
 Stone Arrow              Conj/Erth      0%         3d7       100%        3
 Animate Armour           Summ/Erth      0%         N/A       100%        4
 Dispel Undead            Necr           0%         3d6       100%        4
 Olgreb's Toxic Radiance  Pois           0%         N/A       100%        4
 Lehudib's Crystal Spear  Conj/Erth      0%         10d2      100%        8


Dungeon Overview and Level Annotations

Branches:
Dungeon (11/15)            Temple (0/1) D:7           Sewer (visited)
   Lair: D:8-11         Orc: D:9-12

Altars:
Cheibriados
Dithmenos
Elyvilon
Fedhas
Kikubaaqudgha
Makhleb
Sif Muna
Uskayaw
Vehumet
Zin

Shops:
D:1 *(=(:

Annotations:
D:10 Fannar


Innate Abilities, Weirdness & Mutations

You cannot be hasted, slowed, berserked, paralysed or teleported.
You can dig through walls and to a lower floor.
You have a pair of large antennae on your head. (SInv)
Your four strong arms can wield two-handed weapons with a shield.


Message History

The centaur warrior looks even sicker.
The green ugly thing kicks you but does no damage.
Unknown command.
Unknown command.
It was a potion of might.
You feel very mighty all of a sudden.
The centaur shoots an arrow.
The arrow barely misses you.
The centaur shoots an arrow.
The arrow hits you.
The centaur warrior is engulfed in poison gas.
The centaur warrior looks even sicker.
The white ugly thing closely misses you.
The green ugly thing kicks you.
* * * LOW HITPOINT WARNING * * *
It was a potion of attraction.
You feel attractive to monsters.
The centaur shoots an arrow.
The arrow barely misses you.
The centaur warrior is engulfed in poison gas.
The centaur warrior looks as sick as possible!
The white ugly thing headbutts you but does no damage.
The green ugly thing basks in the mutagenic energy from its kin and changes!
The centaur warrior is engulfed in poison gas.
The centaur warrior looks as sick as possible!
The centaur warrior wields a +0 shortbow.
The centaur warrior shoots an arrow.
The arrow hits you!
* * * LOW HITPOINT WARNING * * *
The centaur shoots an arrow.
You reflect the arrow off an invisible shield around you!
The arrow hits the white ugly thing!
The centaur warrior is attracted toward you.
The centaur is attracted toward you. x2
You feel better.
The centaur is engulfed in poison gas.
The centaur is poisoned.
The centaur is engulfed in poison gas.
The centaur is poisoned.
The centaur warrior is engulfed in poison gas.
The centaur warrior looks as sick as possible!
A deep elf pyromancer comes into view. It is wielding a +0 long sword.
The white ugly thing headbutts you!
* * * LOW HITPOINT WARNING * * *
The white ugly thing freezes you!!
You die...

§§§☼§§§ #§e {
§§§§§§§.#§§ {
§§☼§§§☼.§§☼
§§§§§§§#§§
§§§§§§§§§# #
§§§§§§§§§# ### #
§§§§☼§uu§## ###..
§§§§cc§@§§## #...
.§§§###c§§§##
##.###### §{{
##§§§§####........
#§§§☼§§#.....####
##§§§§§§§))).##
#.§☼##§§§...##
#.☼§####§..##
#..§§# ##....
#...## ##....#


You could see 2 ugly things, a centaur warrior (extremely poisoned), a deep elf
pyromancer and 2 centaurs.

Vanquished Creatures
  Harold (D:10)
  Pikel (D:6)
  A manticore (D:13)
  A kobold demonologist (D:13)
  2 trolls
  Prince Ribbit (D:6)
  Grinder (D:4)
  2 wyverns
  7 yaks
  Grum (D:8)
  2 steam dragons (D:7)
  Edmund (D:4)
  2 water moccasins
  An orc warrior (D:10)
  2 black bears
  2 ice beasts (D:6)
  3 sky beasts
  3 wolves (D:8)
  2 ogres
  A lemure (D:6)
  A phantom (D:5)
  3 kobold brigands
  A bullfrog (D:7)
  A scorpion (D:4)
  A necrophage (D:5)
  3 wights (D:6)
  2 howler monkeys
  3 hounds
  A jelly (D:6)
  6 orc priests
  2 iguanas
  5 orc wizards
  Terence (D:3)
  Robin (D:2)
  3 gnolls (D:2)
  5 adders
  A river rat (D:6)
  A white imp (D:6)
  2 ufetubi
  A worm (D:4)
  A dart slug (D:3)
  31 orcs
  16 bats
  8 endoplasms
  3 giant cockroaches
  12 goblins
  9 hobgoblins
  4 jackals (D:3)
  3 quokkas
  6 ball pythons
  2 frilled lizards
  17 kobolds
  7 rats
200 creatures vanquished.

Vanquished Creatures (others)
  A fungus (D:8)
  5 plants (D:8)
6 creatures vanquished.

Grand Total: 206 creatures vanquished

Notes
Turn   | Place    | Note
-------+----------+-------------------------------------------
     0 | D:1      | mandarbmax the Formicid Hunter began the quest for the Orb.
     0 | D:1      | Reached XP level 1. HP: 16/16 MP: 1/1
    13 | D:1      | Found Elalux's Jewellery Shop.
    87 | D:1      | Found Koosuw's Antique Weapon Shop.
    95 | D:1      | Found Dathos's Book Shop.
   118 | D:1      | Reached XP level 2. HP: 22/22 MP: 2/2
   158 | D:1      | Found Uhumm's General Store.
   281 | D:1      | Found Tiffyis's Antique Weapon Emporium.
   745 | D:2      | Reached XP level 3. HP: 23/27 MP: 3/3
   864 | D:2      | Reached skill level 5 in Ranged Weapons
   969 | D:2      | Found a faded altar of an unknown god.
   975 | D:2      | Prayed at the altar of an unknown god.
   975 | D:2      | Became a worshipper of Dithmenos the Shadowed
   975 | D:2      | Reached * piety under Dithmenos
  1086 | D:2      | Reached XP level 4. HP: 33/33 MP: 4/4
  1151 | D:2      | Identified the +1 leather armour "Wuclan" {Dex+3}
  1374 | D:2      | Noticed Robin
  1396 | D:2      | Killed Robin
  1562 | D:2      | Found a snail-covered altar of Cheibriados.
  2003 | D:3      | Reached XP level 5. HP: 38/38 MP: 5/5
  2010 | D:3      | Reached ** piety under Dithmenos
  2011 | D:3      | Reached skill level 6 in Ranged Weapons
  2024 | D:3      | Found a blossoming altar of Fedhas.
  2287 | D:3      | Noticed Terence
  2305 | D:3      | Killed Terence
  2409 | D:3      | Found an ancient bone altar of Kikubaaqudgha.
  2829 | D:4      | Noticed an ogre
  2835 | D:4      | Killed an ogre
  2836 | D:4      | Reached skill level 7 in Ranged Weapons
  2836 | D:4      | Reached XP level 6. HP: 44/44 MP: 6/6
  3146 | D:4      | Noticed Grinder
  3163 | D:4      | Killed Grinder
  3164 | D:4      | Reached skill level 8 in Ranged Weapons
  3164 | D:4      | Reached XP level 7. HP: 50/50 MP: 7/7
  3272 | D:4      | Noticed Edmund
  3295 | D:4      | HP: 2/50 [Edmund/+1 heavy flail (12)]
  3300 | D:4      | Killed Edmund
  3815 | D:5      | Entered Level 5 of the Dungeon
  3820 | D:5      | Reached skill level 9 in Ranged Weapons
  3846 | D:5      | Reached XP level 8. HP: 39/56 MP: 8/8
  4048 | D:5      | Reached skill level 10 in Ranged Weapons
  4197 | D:5      | Reached *** piety under Dithmenos
  4374 | D:5      | Found a radiant altar of Vehumet.
  4374 | D:5      | Found a glowing silver altar of Zin.
  4374 | D:5      | Found a shimmering blue altar of Sif Muna.
  4601 | D:6      | Found a glowing drain.
  4614 | Sewer    | Entered a sewer
  4657 | Sewer    | Reached skill level 11 in Ranged Weapons
  4657 | Sewer    | Reached XP level 9. HP: 61/61 MP: 9/9
  4871 | D:6      | Noticed Pikel
  4885 | D:6      | Killed Pikel
  4886 | D:6      | Reached skill level 12 in Ranged Weapons
  5409 | D:6      | Noticed Prince Ribbit
  5423 | D:6      | Killed Prince Ribbit
  5424 | D:6      | Reached skill level 13 in Ranged Weapons
  5764 | D:7      | Reached XP level 10. HP: 9/67 MP: 10/10
  6017 | D:7      | Found a hide-covered altar of Uskayaw.
  6062 | D:7      | Found a staircase to the Ecumenical Temple.
  6164 | D:7      | Identified a scroll of acquirement
  6166 | D:7      | Acquired the +1 hand crossbow "Suopn" {drain, rPois rF-
                  | rCorr Int+2}
  6225 | D:7      | Reached skill level 14 in Ranged Weapons
  6394 | D:7      | Found a burning altar of Makhleb.
  6500 | D:8      | Reached **** piety under Dithmenos
  6505 | D:8      | Found a white marble altar of Elyvilon.
  6697 | D:8      | Identified the +9 war axe "Lokhlogetz" {flame, *Slow MP+9
                  | Int+4 SInv}
  6800 | D:8      | Noticed Grum
  6808 | D:8      | Killed Grum
  6973 | D:8      | You fall into a shaft and drop 3 floors!
  6976 | D:11     | Noticed a cyclops
  7226 | D:10     | Entered Level 10 of the Dungeon
  7255 | D:10     | Noticed Harold
  7264 | D:10     | Killed Harold
  7265 | D:10     | Reached skill level 5 in Fighting
  7294 | D:10     | Reached XP level 11. HP: 77/80 MP: 11/11
  7600 | D:10     | Noticed Fannar
  7611 | D:10     | You fall into a shaft and drop 2 floors!
  7612 | D:12     | You fall into a shaft and drop 1 floor!
  8075 | D:13     | Noticed a manticore
  8079 | D:13     | Killed a manticore
  8080 | D:13     | Reached skill level 15 in Ranged Weapons
  8080 | D:13     | Reached skill level 5 in Dodging
  8229 | D:13     | Noticed a green ugly thing
  8230 | D:13     | Noticed a white ugly thing
  8233 | D:13     | Noticed a centaur warrior
  8238 | D:13     | Noticed a deep elf pyromancer
  8238 | D:13     | HP: 4/83 [white ugly thing (11)]
  8238 | D:13     | Annihilated by a white ugly thing

Illustrated notes

Levels and vault maps discovered:
D:1:      dpeg_arrival_line_fractal, layout_loops_ring, serial_shops, shop,
          nicolae_lakefront_shop, shop, shop, nicolae_shop_crystal, st_stairs_5,
          reono_crystal_passage
D:2:      layout_loops_corners, dreamdust_ecumenical_altar_angels_and_demons,
          basic_altar, minivault_5, minmay_goblin_kobold_house, uniq_robin
D:3:      layout_rooms, marbit_many_paths, lemuel_coloured_pillars_altar,
          minmay_pentangle, uniq_terence
D:4:      layout_basic, st_stairs_1, minmay_misc_feat_four_crosses,
          uniq_grinder, uniq_edmund
D:5:      layout_rooms, minitemple
D:6:      layout_cave_pods, cheibrodos_sewer_entry_sluice, uniq_pikel,
          uniq_prince_ribbit1
D:7:      layout_rooms, mainiacjoe_overflow_catch_the_wave,
          minmay_temple_entry_waves
D:8:      layout_loops_corners, elyvilon_altar_3, minmay_lair_entry_grove,
          nicolae_fountain_basement, uniq_maurice, uniq_grum
D:10:     layout_small_grid, nicolae_tso_carved_into_rock, minmay_orc_keep,
          uniq_fannar, uniq_harold
D:11:     layout_roguey
D:12:     layout_gridville, david_orc_2, nrook_campfire, grunt_gozag_breadcrumbs
D:13:     layout_cave_pods, skrybe_vaults_entry_preservation,
          eino_house_with_fridge

Skill      XL: |  1  2  3  4  5  6  7  8  9 10 11 |
---------------+----------------------------------+-----
Ranged Weapons | 5 7 8 9 11 13 14 15 | 15.1
Dodging        | 4 5 |  5.3
Fighting       | 5 6 |  6.4
Stealth        | |  1.2

Action                     |  1- 3 |  4- 6 |  7- 9 | 10-12 || total
---------------------------+-------+-------+-------+-------++-------
   Fire: Shortbow          |    86 |   172 |   301 |    35 ||   594
         Hand crossbow     |       |       |       |   130 ||   130
Ability: Dig               |       |       |     2 |     1 ||     3
         Shaft Self        |       |       |       |     2 ||     2
    Use: Potion            |     1 |     3 |     1 |     4 ||     9
         Scroll            |       |     7 |     5 |     9 ||    21
 Armour: Leather armour    |     7 |    16 |    21 |     4 ||    48
         Skin              |    18 |    35 |       |       ||    53
         Chain mail        |       |       |       |    19 ||    19
  Dodge: Dodged            |    37 |    50 |    68 |    69 ||   224
  Block: Other             |       |     7 |    28 |    30 ||    65
         Reflection        |       |     1 |     1 |     5 ||     7

Table legend: (Time is in decaauts)
 A = Elapsed time spent in this place.
 B = Non-inter-level travel time spent in this place.
 C = Inter-level travel time spent in this place.
 D = Time resting spent in this place.
 E = Time spent auto-exploring this place.
 F = Levels seen in this place.
 G = Mean time per level.
                   A        B        C        D        E       F      G
               +--------+--------+--------+--------+--------+-----+--------+
         Total |   8349 |   8139 |    210 |    574 |   6026 |  13 |  642.2 |
       Dungeon |   8263 |   8053 |    210 |    574 |   5978 |  12 |  688.6 |
         Sewer |     85 |     85 |      0 |      0 |     48 |   1 |   85.0 |
               +--------+--------+--------+--------+--------+-----+--------+

Top non-repeatable levels by time:
     D:2: 1258 daAuts
     D:6: 1229 daAuts
     D:4: 1043 daAuts
     D:3: 864 daAuts
     D:5: 729 daAuts
     D:1: 726 daAuts
    D:13: 636 daAuts
     D:7: 566 daAuts
     D:8: 544 daAuts
    D:10: 410 daAuts
    D:11: 253 daAuts
   Sewer: 85 daAuts
    D:12: 0 daAuts
